 Dungeon Crawl Stone Soup version 0.32-a0-391-gce5c0aab1b (webtiles) character file.

Game seed: 17076870486596645926

72 MachoJfn the Chopper (level 4, -3/34 HPs)
             Began as a Demonspawn Gladiator on Feb 19, 2024.
             Slain by Natasha (8 damage)
             ... on level 2 of the Dungeon.
             The game lasted 00:02:21 (915 turns).

MachoJfn the Chopper (Demonspawn Gladiator)          Turns: 915, Time: 00:02:21

Health: -3/34      AC:  4    Str: 16    XL:     4   Next: 7%
Magic:  4/4        EV: 12    Int:  8    God:
Gold:   140        SH:  0    Dex: 15    Spells: 3/3 levels left

rFire   . . .        a - +0 war axe
rCold   . . .        (no shield)
rNeg    . . .        b - +0 leather armour
rPois   .            c - +0 helmet
rElec   .            (no cloak)
rCorr   .            (no gloves)
SInv    +            (no boots)
Will    .....        (no amulet)
Stlth   +            k - ring of see invisible
HPRegen 0.25/turn    (no ring)
MPRegen 0.09/turn

%: no passive effects
@: no status effects
A: demonic touch 2
a: no special abilities


You were on level 2 of the Dungeon.
You visited 1 branch of the dungeon, and saw 2 of its levels.

You collected 140 gold pieces.

Inventory:

Hand Weapons
 a - a +0 war axe (weapon)
Missiles
 d - 3 throwing nets (quivered)
 e - a javelin
 h - 6 atropa-tipped darts
 m - 21 stones
Armour
 b - a +0 leather armour (worn)
 c - a +0 helmet (worn)
Jewellery
 k - a ring of see invisible (left hand)
Scrolls
 f - a scroll of teleportation {unknown}
 i - a scroll of noise {unknown}
 o - a scroll of brand weapon {unknown}
 p - a scroll of acquirement {unknown}
Potions
 g - 2 potions of heal wounds {unknown}
 j - 2 potions of curing {unknown}
 l - a potion of haste {unknown}
 n - a potion of lignification {unknown}


   Skills:
 + Level 2.5 Fighting
 + Level 3.8 Axes
 - Level 1.7 Throwing
 + Level 0.4 Armour
 + Level 3.1 Dodging


You had 3 spell levels left.
You didn't know any spells.
Your spell library contained the following spells:

 Spells                   Type           Power      Damage    Failure   Level
 Jinxbite                 Hex            0%         N/A       63%         2
 Yara's Violent Unravell  Hex/Alch       0%         3d3       100%        5
 Enfeeble                 Hex            0%         N/A       100%        7


Dungeon Overview and Level Annotations

Branches:
Dungeon (2/15)

Altars:

Annotations:
D:2 Natasha


Innate Abilities, Weirdness & Mutations

Your touch may inflict irresistible damage on your foes.


Message History

the felid corpse of Natasha; an adder corpse Natasha, Servant of Life and Death comes into view.
Found a blue potion.
Natasha casts a spell.
Found a stone staircase leading up.
Natasha casts a spell.
Found a stone staircase leading down.
The cerulean imp hits you from afar with a +1 spear. x2
Natasha howls an incantation.
Natasha shimmers violently.
Natasha closely misses you. The cerulean imp barely misses you.
Natasha misses you.
You closely miss Natasha.
The cerulean imp hits you from afar with a +2 spear.
The cerulean imp barely misses you. Natasha claws you.
The cerulean imp hits you from afar with a +2 spear.
The cerulean imp hits you from afar with a +1 spear.
Natasha barely misses you. The cerulean imp barely misses you.
You slash Natasha!
Natasha is severely wounded.
The cerulean imp hits you from afar with a +1 spear.
Natasha barely misses you.
The cerulean imp hits you from afar with a +2 spear.
The cerulean imp barely misses you. Natasha misses you.
The cerulean imp hits you from afar with a +2 spear.
* * * LOW HITPOINT WARNING * * *
The cerulean imp barely misses you.
You hit Natasha but do no damage.
Natasha is severely wounded.
You feel yourself speed up.
The cerulean imp disappears in a puff of smoke!
Natasha casts a spell.
The cerulean imp hits you from afar with a +2 spear.
* * * LOW HITPOINT WARNING * * *
Natasha misses you. The cerulean imp barely misses you.
You completely miss Natasha.
Natasha is severely wounded.
You closely miss the cerulean imp. Natasha claws you!
You die...
Natasha curls up and begins to purr.

####..#..#
#.......## #
#.##..### #>
#.....#
...#####..#†.#
............##
......§.....#
......h.....#
.....5.@....#
..<.....5...#
............#
#####.......#
#......!#
#.......#
#########


You could see Natasha and 2 cerulean imps.

Vanquished Creatures
  Natasha (D:2)
  An adder (D:2)
  A dart slug (D:1)
  2 ribbon worms (D:2)
  A ball python (D:1)
  2 endoplasms (D:1)
  A goblin (D:2)
  A hobgoblin (D:1)
  A quokka (D:1)
  2 bats (D:1)
  A frilled lizard (D:1)
  4 kobolds (D:1)
  A rat (D:1)
19 creatures vanquished.

Notes
Turn   | Place    | Note
-------+----------+-------------------------------------------
     0 | D:1      | MachoJfn the Demonspawn Gladiator began the quest for the
                  | Orb.
     0 | D:1      | Reached XP level 1. HP: 16/16 MP: 1/1
   191 | D:1      | Gained mutation: Your touch may inflict minor irresistible
                  | damage on your foes. [demonic ancestry]
   191 | D:1      | Reached XP level 2. HP: 22/22 MP: 2/2
   807 | D:2      | Gained mutation: Your touch may inflict irresistible damage
                  | on your foes. [demonic ancestry]
   807 | D:2      | Reached XP level 3. HP: 17/28 MP: 3/3
   900 | D:2      | Noticed Natasha
   906 | D:2      | Killed Natasha
   907 | D:2      | Reached XP level 4. HP: 34/34 MP: 4/4
   908 | D:2      | Noticed Natasha
   915 | D:2      | Slain by Natasha

Illustrated notes

Levels and vault maps discovered:
D:1:      sevenhm_arrival_forest_fort_small_6, layout_basic,
          serial_corexii_hall, corexii_hall_statues_x, corexii_hall_statues_x,
          corexii_hall_statues_i
D:2:      layout_rooms, uniq_natasha

Skill      XL: |  1  2 |
---------------+-------+-----
Dodging        | 3 |  3.1
Axes           | 3 |  3.8
Fighting       | |  2.5
Throwing       | |  1.7
Armour         | |  0.4

Action                     |  1- 3 |  4- 6 || total
---------------------------+-------+-------++-------
  Melee: War axe           |    38 |     4 ||    42
         Touch             |     9 |       ||     9
 Armour: Leather armour    |    20 |    11 ||    31
  Dodge: Dodged            |    21 |    12 ||    33

Table legend: (Time is in decaauts)
 A = Elapsed time spent in this place.
 B = Non-inter-level travel time spent in this place.
 C = Inter-level travel time spent in this place.
 D = Time resting spent in this place.
 E = Time spent auto-exploring this place.
 F = Levels seen in this place.
 G = Mean time per level.
                   A        B        C        D        E       F      G
               +--------+--------+--------+--------+--------+-----+--------+
         Total |    933 |    877 |     56 |     61 |    636 |   2 |  466.5 |
       Dungeon |    933 |    877 |     56 |     61 |    636 |   2 |  466.5 |
               +--------+--------+--------+--------+--------+-----+--------+

Top non-repeatable levels by time:
     D:1: 719 daAuts
     D:2: 213 daAuts
